 Dungeon Crawl Stone Soup version 0.30.0-29-ga12c61a403 (webtiles) character file.

Game seed: 5430089105310875885

24542 BONEBRO the Severer (level 13, 0/107 HPs)
             Began as a Hill Orc Monk on June 15, 2023.
             Was an Elder of Beogh.
             Slain by an orc knight
             ... wielding a +0 halberd
              (11 damage)
             ... on level 2 of the Orcish Mines.
             The game lasted 00:48:45 (11309 turns).

BONEBRO the Severer (Hill Orc Monk)                Turns: 11309, Time: 00:48:46

Health: 0/107      AC: 25    Str: 25    XL:     13   Next: 13%
Magic:  19/19      EV: 11    Int: 10    God:    Beogh [****..]
Gold:   741        SH:  0    Dex: 15    Spells: 12/12 levels left

rFire   . . .        K - +0 war axe
rCold   + . .        d - orb {light}
rNeg    + . .        m - +7 Kryia's mail coat {PotionHeal*2 rC+}
rPois   .            b - +0 hat of Juwkata {Dex+2}
rElec   .            z - +2 cloak {rCorr}
rCorr   +            C - +0 pair of gloves
SInv    .            p - +1 pair of boots {rampage}
Will    .....        w - amulet of regeneration Stlth
                     O - ring of positive energy
HPRegen 1.17/turn    Z - +6 ring of strength
MPRegen 0.16/turn

%: rampage
@: glowing
A: frail 1
a: Renounce Religion, Smiting, Recall Orcish Followers


You were on level 2 of the Orcish Mines.
You worshipped Beogh.
Beogh was greatly pleased with you.
You visited 3 branches of the dungeon, and saw 16 of its levels.

You collected 1091 gold pieces.
You spent 350 gold pieces at shops.

Inventory:

Hand Weapons
 K - a +0 war axe (weapon)
Missiles
 I - 6 curare-tipped darts (quivered)
 J - 47 poisoned darts
Armour
 b - the +0 hat of Juwkata (worn) {Dex+2}
   (You found it on level 1 of the Orcish Mines)

   Dex:       It affects your dexterity (+2).
 d - an orb of light (worn)
 m - the +7 Kryia's mail coat (worn) {PotionHeal*2 rC+}
   (You found it on level 2 of the Dungeon)

   PotionHeal*2: Potions heal its wearer twice as much.
   rC:        It protects you from cold.
 p - a +1 pair of boots of rampaging (worn)
 z - a +2 cloak of preservation (worn)
 C - a +0 pair of gloves (worn)
 R - +0 steam dragon scales
Jewellery
 f - an amulet of magic regeneration
 g - a ring of protection from cold
 o - a +6 ring of intelligence
 w - an amulet of regeneration (around neck)
 G - a ring of see invisible
 O - a ring of positive energy (left hand)
 Z - a +6 ring of strength (right hand)
Wands
 a - a wand of flame (7)
 j - a wand of iceblast (3)
 N - a wand of charming (10)
 S - a wand of digging (8)
 Y - a wand of polymorph (3)
Scrolls
 h - a scroll of amnesia {unknown}
 n - 3 scrolls of fog
 s - a scroll of brand weapon {unknown}
 u - a scroll of torment {unknown}
 v - a scroll of poison {unknown}
 y - 2 scrolls of fear
 A - a scroll of teleportation
 D - a scroll of acquirement {unknown}
 E - 2 scrolls of noise
 M - a scroll of blinking
 P - 2 scrolls of magic mapping {unknown}
 W - 2 scrolls of enchant weapon
Potions
 c - 4 potions of ambrosia
 e - 4 potions of magic
 i - a potion of invisibility {unknown}
 l - a potion of resistance
 q - 3 potions of lignification
 t - 5 potions of attraction
 B - a potion of berserk rage {unknown}
 F - 2 potions of degeneration
 H - 4 potions of mutation
 T - a potion of brilliance {unknown}
 U - a potion of flight {unknown}


   Skills:
 + Level 12.4 Fighting
 - Level 16.0 Axes
 - Level 15.0 Armour
 - Level 2.5 Dodging
 * Level 8.3 Invocations


You had 12 spell levels left.
You didn't know any spells.
Your spell library contained the following spells:

 Spells                   Type           Power      Damage    Failure   Level
 Apportation              Tloc           0%         N/A       56%         1
 Freeze                   Ice            0%         1d3       56%         1
 Magic Dart               Conj           0%         1d3       56%         1
 Sandblast                Erth           0%         2d4       56%         1
 Blink                    Tloc           0%         N/A       71%         2
 Call Imp                 Summ           0%         N/A       71%         2
 Lesser Beckoning         Tloc           0%         N/A       71%         2
 Momentum Strike          Conj/Tloc      0%         3d8       71%         2
 Passwall                 Tmut/Erth      0%         N/A       71%         2
 Frozen Ramparts          Ice            0%         1d1       91%         3
 Gell's Gravitas          Tloc           0%         N/A       91%         3
 Hailstorm                Conj/Ice       0%         3d3       91%         3
 Inner Flame              Hex/Fire       0%         N/A       91%         3
 Mephitic Cloud           Conj/Pois/Air  0%         N/A       91%         3
 Stone Arrow              Conj/Erth      0%         3d7       91%         3
 Summon Guardian Golem    Hex/Summ       0%         N/A       91%         3
 Teleport Other           Tloc           0%         N/A       91%         3
 Tukima's Dance           Hex            0%         N/A       91%         3
 Flame Wave               Conj/Fire      0%         2d4       100%        4
 Leda's Liquefaction      Hex/Erth       0%         N/A       100%        4
 Passage of Golubria      Tloc           0%         N/A       100%        4
 Sticky Flame             Conj/Fire      0%         2d3       100%        4
 Summon Ice Beast         Ice/Summ       0%         N/A       100%        4
 Lee's Rapid Deconstruct  Erth           0%         3d4*      100%        5
 Summon Mana Viper        Hex/Summ       0%         N/A       100%        5
 Yara's Violent Unravell  Hex/Tmut       0%         3d3       100%        5
 Statue Form              Tmut/Erth      0%         N/A       100%        6
 Monstrous Menagerie      Summ           0%         N/A       100%        7
 Orb of Destruction       Conj           0%         9d5       100%        7
 Spellforged Servitor     Conj/Summ      0%         N/A       100%        7


Dungeon Overview and Level Annotations

Branches:
Dungeon (13/15)            Temple (1/1) D:7            Lair (0/5) D:8
    Orc (2/2) D:11         Vaults (0/5) D:13
    Elf: Orc:2

Altars:
Ashenzari
Cheibriados
Dithmenos
Elyvilon
Fedhas
Gozag
Hepliaklqana
Kikubaaqudgha
Makhleb
Nemelex Xobeh
Okawaru
Qazlal
Ru
Sif Muna
Trog
Uskayaw
Vehumet
Wu Jian
Xom
Yredelemnul
Zin
The Shining One

Shops:
D:7 =*?=   D:8 [   Orc:2 (

Annotations:
D:8 2 transporters
D:9 2 transporters, GimliDwarf's ghost, novice GnWn
Orc:2 Erolcha


Innate Abilities, Weirdness & Mutations

You are frail. (-10% HP)


Message History

Bogward hits Erolcha with a +0 war axe.
You hit the orc knight but do no damage.
The orc knight is almost dead.
You hit Erolcha but do no damage.
Your orc priest hits the orc knight but does no damage.
The orc knight hits your orc priest with a +0 war axe!!
Your orc priest dies!
The orc knight hits Bogward with a +0 war axe!
The orc knight hits you with a +0 war axe!
The orc knight hits your orc warrior with a +0 war axe!
Your orc warrior dies!
The orc knight hits your orc wizard with a +0 war axe!!
Your orc wizard dies!
Erolcha misses you.
The orc warrior hits you but does no damage.
The orc knight barely misses you.
Bogward barely misses the orc knight.
Bogward hits Erolcha but does no damage.
The orc knight shouts!
You hit Erolcha but do no damage.
Erolcha is moderately wounded.
You hit the orc knight.
The orc knight raises its hands in surrender.
It shouts, "I'll follow you!
Let me live!"
You hear a shout!
Your orc knight roars a battlecry!
Bogward goes into a battle-frenzy!
The orc warrior hits you but does no damage.
The orc knight hits you from afar with a +0 halberd!!
* * * LOW HITPOINT WARNING * * *
An orc warrior comes into view. It is wielding a +0 dire flail.
The +7 Kryia's mail coat enhances the healing.
You feel better.
Bogward hits Erolcha but does no damage.
Erolcha hits you with a +0 giant club!
* * * LOW HITPOINT WARNING * * *
The orc warrior hits you from afar with a +0 trident!
* * * LOW HITPOINT WARNING * * *
The orc knight hits you from afar with a +0 halberd!
You die...
Beogh appreciates the orc knight's killing of a heretic priest.

...PP..P.......
......P...........
....8.............
........P..<......
...∩..............
3P................
......).o#.).....o
......[...o))...).
.....).)oO@.).$o..
....P....)o.).....
..............)...
.....#......).....
....##.........#..
...#........$.#...
#................#
..............#


You could see 2 orc knights, Erolcha (ally target), 2 orc warriors, a friendly
orc knight (strong) and the friendly Bogward the orc priest (strong).

Vanquished Creatures
  An ettin (Orc:1)
  2 vault guards (D:13)
  A two-headed ogre (D:11)
  2 deep elf zephyrmancers (Orc:1)
  An ugly thing (D:11)
  2 cyclopes
  2 manticores (D:13)
  Maurice (D:9)
  3 kobold demonologists (D:10)
  A komodo dragon (D:10)
  3 trolls
  A tyrant leech (D:11)
  Prince Ribbit (D:6)
  A hornet (D:7)
  2 shadows (D:11)
  23 yaks
  A basilisk (D:8)
  A wraith (D:11)
  3 wyverns (D:8)
  Eustachio (D:6)
  4 steam dragons
  3 swamp worms (D:11)
  9 vampire mosquitoes
  A two-headed ogre zombie (D:11)
  Edmund (D:6)
  An acid dragon (D:9)
  6 water moccasins
  2 sky beasts (D:7)
  A swamp drake (Orc:1)
  A hornet zombie (D:7)
  An orc warrior (D:7)
  An ice beast (D:5)
  6 ogres
  4 phantoms
  5 centaurs
  3 kobold brigands
  Blork the orc (D:5)
  3 bullfrogs
  4 scorpions
  2 gnoll sergeants (D:7)
  20 wights
  A troll zombie (D:11)
  8 killer bees (D:9)
  3 howler monkeys
  A crimson imp (Orc:1)
  A lava snake (D:8)
  5 hounds
  4 orc priests
  A jelly (D:5)
  2 gnoll boudas
  An iron imp (Orc:1)
  6 iguanas
  2 orc wizards
  6 ogre zombies (D:11)
  A howler monkey zombie (D:7)
  5 adders
  13 gnolls
  3 shadow imps
  2 white imps
  An ufetubus (D:7)
  A worm (D:2)
  2 dart slugs
  14 orcs
  7 bats
  9 endoplasms
  3 giant cockroaches
  6 hobgoblins
  4 jackals (D:3)
  17 kobolds
  4 quokkas
  5 ball pythons
  7 frilled lizards
  7 goblins
  5 goblin skeletons (D:11)
  A goblin zombie (D:11)
  2 hobgoblin skeletons (D:11)
  4 hobgoblin zombies (D:11)
  4 orc skeletons (D:11)
  9 orc zombies (D:11)
  12 rats
321 creatures vanquished.

Vanquished Creatures (collateral kills)
  2 vault guards (D:13)
  2 boulder beetles
  A two-headed ogre (Orc:1)
  An ugly thing (D:12)
  A deep elf pyromancer (D:12)
  2 orc sorcerers
  A kobold demonologist (D:10)
  3 trolls
  A meliai (shapeshifter) (D:13)
  A wyvern (D:10)
  A basilisk (D:12)
  2 yaks (D:12)
  2 acid dragons
  An orc warrior (Orc:1)
  2 kobold brigands (D:10)
  A killer bee (D:9)
  5 orc priests
  2 orc wizards (Orc:1)
  8 orcs
  A kobold (D:10)
40 creatures vanquished.

Vanquished Creatures (others)
  An orc knight (D:13)
  2 orc sorcerers
  8 orc warriors
  6 orc priests
  6 orc wizards
  16 orcs
39 creatures vanquished.

Grand Total: 400 creatures vanquished

Notes
Turn   | Place    | Note
-------+----------+-------------------------------------------
     0 | D:1      | BONEBRO the Hill Orc Monk began the quest for the Orb.
     0 | D:1      | Reached XP level 1. HP: 19/19 MP: 1/1
   290 | D:1      | Reached XP level 2. HP: 22/27 MP: 2/2
   563 | D:1      | Reached skill level 5 in Axes
   789 | D:1      | Reached XP level 3. HP: 31/33 MP: 3/3
  1244 | D:2      | Reached skill level 6 in Axes
  1378 | D:2      | Found the +7 Kryia's mail coat {PotionHeal*2 rC+}
  1553 | D:2      | Reached XP level 4. HP: 40/40 MP: 4/4
  1987 | D:3      | Noticed a phantom
  2005 | D:3      | Killed a phantom
  2006 | D:3      | Reached skill level 7 in Axes
  2006 | D:3      | Reached XP level 5. HP: 44/46 MP: 5/5
  2013 | D:3      | Found a shimmering blue altar of Sif Muna.
  2087 | D:3      | Found a faded altar of an unknown god.
  2095 | D:3      | Got Plato's Meditations on Location
  2477 | D:4      | Reached skill level 8 in Axes
  2589 | D:4      | Reached XP level 6. HP: 47/52 MP: 6/6
  2707 | D:4      | Found a white marble altar of Elyvilon.
  2716 | D:4      | Found a glowing golden altar of the Shining One.
  2717 | D:4      | Found a shadowy altar of Dithmenos.
  2854 | D:4      | Reached skill level 9 in Axes
  3355 | D:5      | Entered Level 5 of the Dungeon
  3414 | D:5      | Noticed Blork the orc
  3423 | D:5      | Killed Blork the orc
  3424 | D:5      | Reached XP level 7. HP: 58/58 MP: 7/7
  3456 | D:5      | Reached skill level 10 in Axes
  3456 | D:5      | Reached skill level 1 in Armour
  3972 | D:6      | Noticed Eustachio
  4023 | D:6      | Killed Eustachio
  4024 | D:6      | Reached skill level 5 in Armour
  4024 | D:6      | Reached XP level 8. HP: 67/67 MP: 8/8
  4183 | D:6      | Reached skill level 5 in Fighting
  4374 | D:6      | Noticed Prince Ribbit
  4462 | D:6      | Killed Prince Ribbit
  4525 | D:6      | Noticed Edmund
  4547 | D:6      | Killed Edmund
  4876 | D:7      | Noticed a hornet
  4886 | D:7      | Paralysed by a hornet for 2 turns
  4906 | D:7      | Killed a hornet
  4907 | D:7      | Reached XP level 9. HP: 56/78 MP: 9/9
  5036 | D:7      | Found Wockeh's Jewellery Boutique.
  5055 | D:7      | Bought a ring of protection from cold for 350 gold pieces
  5086 | D:7      | Found Obbyj's Magic Scroll Emporium.
  5264 | D:7      | Reached skill level 10 in Armour
  5496 | D:7      | Reached XP level 10. HP: 92/92 MP: 10/10
  5506 | D:7      | Found Futyshitz's Jewellery Emporium.
  5510 | D:7      | Became a worshipper of Beogh the Brigand
  5510 | D:7      | Reached * piety under Beogh
  5510 | D:7      | Reached ** piety under Beogh
  5561 | D:7      | Reached skill level 10 in Fighting
  5601 | D:7      | Found Ahoppuinn's Assorted Antiques.
  5661 | D:7      | Found a staircase to the Ecumenical Temple.
  5840 | Temple   | Entered the Ecumenical Temple
  5870 | D:8      | Found a transporter.
  5948 | D:8      | Found an opulent altar of Gozag.
  5948 | D:8      | Found a glowing silver altar of Zin.
  6048 | D:8      | Found Ydwas's Antique Armour Shop.
  6068 | D:8      | Found a transporter.
  6241 | D:8      | Found a staircase to the Lair.
  6347 | D:8      | Found a burning altar of Makhleb.
  6625 | D:9      | Reached *** piety under Beogh
  6672 | D:9      | Reached XP level 11. HP: 88/99 MP: 11/11
  6687 | D:9      | Noticed Maurice
  6710 | D:9      | Killed Maurice
  6920 | D:9      | Found a transporter.
  6920 | D:9      | Noticed a two-headed ogre
  6920 | D:9      | Noticed GimliDwarf's ghost (novice GnWn)
  6920 | D:9      | Noticed a two-headed ogre
  6920 | D:9      | Identified the +5 dire flail of Baecu {flame, Str+4}
  6920 | D:9      | Identified the +6 dire flail "Xoraelas" {drain, +Blink
                  | rPois rC++ Str-5}
  6920 | D:9      | Noticed a two-headed ogre
  6920 | D:9      | Noticed a two-headed ogre
  6921 | D:9      | Found a transporter.
  6921 | D:9      | Noticed a two-headed ogre
  7162 | D:10     | Entered Level 10 of the Dungeon
  7201 | D:10     | Gained mutation: You are frail. (-10% HP) [a neqoxec]
  7309 | D:10     | Noticed a sixfirhy
  7322 | D:10     | HP: 3/89 [sixfirhy[a kobold demonologist] (10)]
  7332 | D:10     | Noticed a sixfirhy
  7599 | D:10     | Reached skill level 15 in Armour
  7634 | D:10     | Reached **** piety under Beogh
  7649 | D:10     | Reached skill level 11 in Axes
  7891 | D:10     | Reached skill level 12 in Axes
  8099 | D:11     | Noticed a brown ugly thing
  8106 | D:11     | Killed a brown ugly thing
  8161 | D:11     | Noticed a cyclops
  8172 | D:11     | Killed a cyclops
  8173 | D:11     | Reached skill level 13 in Axes
  8282 | D:11     | Noticed a two-headed ogre
  8305 | D:11     | Killed a two-headed ogre
  8357 | D:11     | Reached XP level 12. HP: 87/95 MP: 12/12
  8373 | D:11     | Found a staircase to the Orcish Mines.
  8433 | D:11     | Reached skill level 14 in Axes
  8481 | D:11     | Reached ***** piety under Beogh
  9165 | D:12     | Reached skill level 15 in Axes
  9360 | D:12     | Identified the +1 ring mail of Somugeur {Str+3}
  9452 | D:12     | Noticed a boulder beetle
  9468 | D:12     | Killed a boulder beetle
 10090 | D:13     | Noticed a boulder beetle
 10106 | D:13     | Killed a boulder beetle
 10107 | D:13     | Reached skill level 16 in Axes
 10145 | D:13     | Reached skill level 1 in Invocations
 10384 | D:13     | Noticed a vault guard
 10384 | D:13     | Noticed a vault guard
 10384 | D:13     | Noticed a vault guard
 10386 | D:13     | Noticed a vault guard
 10386 | D:13     | Noticed a vault guard
 10388 | D:13     | Found a gate to the Vaults.
 10388 | D:13     | Noticed a vault guard
 10389 | D:13     | Noticed a vault guard
 10391 | D:13     | Killed a vault guard
 10397 | D:13     | Killed a vault guard
 10401 | D:13     | Killed a vault guard
 10402 | D:13     | Reached skill level 5 in Invocations
 10407 | D:13     | Killed a vault guard
 10453 | D:13     | Noticed a centaur warrior
 10637 | Orc:1    | Entered Level 1 of the Orcish Mines
 10754 | Orc:1    | Paralysed by an orc sorcerer for 5 turns
 10808 | Orc:1    | Noticed a two-headed ogre
 10817 | Orc:1    | Killed a two-headed ogre
 10842 | Orc:1    | Gained Bogbrand as an ally
 10858 | Orc:1    | Your ally Bogbrand died
 10906 | Orc:1    | Reached XP level 13. HP: 81/105 MP: 14/18
 10972 | Orc:1    | Identified the +0 hat of Juwkata {Dex+2}
 11109 | Orc:1    | Noticed an ettin
 11117 | Orc:1    | Killed an ettin
 11288 | Orc:2    | Entered Level 2 of the Orcish Mines
 11288 | Orc:2    | Found Culuiroqusch's Antique Weapon Emporium.
 11291 | Orc:2    | Gained Bogward as an ally
 11297 | Orc:2    | Noticed Erolcha
 11309 | Orc:2    | Slain by an orc knight

Illustrated notes

Levels and vault maps discovered:
D:1:      lightli_arrival_lavapool, layout_loops_corners
D:2:      layout_loops_ring
D:3:      layout_basic, lemuel_coloured_pillars_altar,
          shapermc_ecumenical_altar_rom_forum, chequers_serial_rivers_micro_e,
          st_stairs_1
D:4:      layout_loops_corners, minitemple, kennysheep_nondescript
D:5:      layout_rooms, uniq_blork_the_orc
D:6:      layout_basic, uniq_eustachio, uniq_prince_ribbit1, uniq_edmund
D:7:      minmay_bubble_buster, layout_basic, minmay_temple_entry_poolview,
          serial_undead, serial_undead_c, serial_undead_f, serial_undead_c,
          serial_undead_e, serial_shops, shop, shop, nicolae_shop_behind_doors,
          shop_statue
D:8:      gammafunk_cloud_chamber, layout_basic,
          grunt_temple_overflow_gold_and_silver, lightli_temple_of_fire,
          minmay_lair_entry_grove, serial_shops, shop,
          kennysheep_generic_room_15
D:9:      layout_basic, gammafunk_ghost_smash, uniq_maurice
D:10:     layout_loops_cross
D:11:     layout_roguey, zombieorc2_lemuel, serial_curves, eino_curves_04,
          eino_curves_02, worms_lemuel
D:12:     layout_irregular_city
D:13:     layout_rooms, erik_vaults_2, hangedman_decor_slide_cut
Temple:   minmay_freezing_vapour_temple
Orc:1:    layout_caves, hangedman_minor_magic
Orc:2:    grunt_orc_gardens, layout_caves, grunt_orc_garden, grunt_orc_garden,
          grunt_orc_garden, grunt_orc_garden, serial_shops,
          nicolae_shop_tiny_glass, ebering_ghost_xom, uniq_rupert,
          uniq_saint_roka, uniq_erolcha

Skill      XL: |  1  2  3  4  5  6  7  8  9 10 11 12 13 |
---------------+----------------------------------------+-----
Axes           | 5 6 7 8 9 10 13 16 | 16.0
Armour         | 5 8 10 13 15 | 15.0
Fighting       | 4 6 9 10 11 12 | 12.4
Invocations    | 7 8 |  8.3
Dodging        | |  2.5

Action                     |  1- 3 |  4- 6 |  7- 9 | 10-12 | 13-15 || total
---------------------------+-------+-------+-------+-------+-------++-------
  Melee: Hand axe          |   124 |   160 |   190 |       |       ||   474
         War axe           |       |       |   169 |   763 |    32 ||   964
 Invoke: Convert to Beogh  |       |       |       |     1 |       ||     1
         Smiting           |       |       |       |     7 |     3 ||    10
    Use: Potion            |       |       |     4 |     6 |     2 ||    12
         Scroll            |       |       |     4 |    11 |       ||    15
   Stab: Distracted        |       |       |       |     5 |       ||     5
         Confused          |       |       |       |     1 |       ||     1
 Armour: Robe              |    17 |       |       |       |       ||    17
         Scale mail        |     6 |    79 |   208 |   470 |    15 ||   778
  Dodge: Dodged            |    62 |    62 |   168 |   432 |    17 ||   741
